 Dungeon Crawl Stone Soup version 0.21.0-26-g889b8f6 (webtiles) character file.

9 turnburgler the Grave Robber (level 2, -1/27 HPs)
             Began as an Ogre Necromancer on Jan 27, 2018.
             Slain by a kobold
             ... wielding a +0 whip
              (6 damage)
             ... on level 1 of the Dungeon.
             The game lasted 00:02:28 (339 turns).

turnburgler the Grave Robber (Ogre Necromancer)      Turns: 339, Time: 00:02:28

Health: -1/27      AC:  3    Str: 11    XL:     2   Next: 12%
Magic:  5/5        EV: 10    Int: 16    God:
Gold:   22         SH:  0    Dex:  9    Spells: 4/6 levels left

rFire    . . .     SeeInvis .   g - +0 club
rCold    . . .     Gourm    .   (no shield)
rNeg     . . .     Faith    .   a - +0 robe
rPois    .         Spirit   .   (helmet restricted)
rElec    .         Reflect  .   (no cloak)
rCorr    .         Harm     .   (gloves unavailable)
MR       .....                  (boots unavailable)
Stlth    +.........             (no amulet)
HPRegen  0.09/turn              (no ring)
MPRegen  0.09/turn              (no ring)

@: no status effects
A: large, unfitting armour, tough skin 1
a: no special abilities


You were on level 1 of the Dungeon.
You were not hungry.

You visited 1 branch of the dungeon, and saw 1 of its levels.

You collected 22 gold pieces.

Inventory:

Hand Weapons
 g - a +0 club (weapon)
Missiles
 d - 4 large rocks (quivered)
 f - 20 stones
 i - 53 arrows
Armour
 a - a +0 robe (worn)
Scrolls
 e - 2 scrolls of identify {unknown}
 j - a scroll of fog {unknown}
Potions
 h - a potion of magic {unknown}
 k - a potion of lignification {unknown}
Books
 b - a book of Necromancy

   Spells                             Type                      Level
   a - Pain                           Necromancy                   1
   b - Animate Skeleton               Necromancy                   1
   c - Vampiric Draining              Necromancy                   3
   d - Regeneration                   Charms/Necromancy            3
   e - Animate Dead                   Necromancy                   4
   f - Borgnjor's Vile Clutch         Necromancy/Earth             5
Comestibles
 c - 2 rations


   Skills:
 + Level 1.0 Fighting
 + Level 2.0 Dodging
 - Level 1.4 Stealth
 + Level 2.6 Spellcasting
 + Level 3.7 Necromancy


You had 4 spell levels left.
You knew the following spells:

 Your Spells              Type           Power        Failure   Level  Hunger
a - Pain                  Necr           ##..         4%          1    #......
b - Animate Skeleton      Necr           N/A          4%          1    #......


Dungeon Overview and Level Annotations

Branches:
Dungeon (1/15)

Altars:


Innate Abilities, Weirdness & Mutations

You are too large for most types of armour.
You have tough skin. (AC +1)


Message History

Your Dodging skill increases to level 2!
You have reached level 2!
The bat hits you but does no damage. The bat barely misses you.
The bat hits you but does no damage.
You barely miss the bat. The bat hits you but does no damage.
The bat barely misses you. The kobold hits you but does no damage.
The bat barely misses you.
You hit the bat.
You kill the bat!
Your Fighting skill increases to level 1!
You closely miss the kobold. The kobold hits you with a whip.
* * * LOW HITPOINT WARNING * * *
You barely miss the kobold. The kobold closely misses you.
You closely miss the kobold. The kobold closely misses you. x2
You barely miss the kobold. The kobold misses you.
You barely miss the kobold. The kobold hits you but does no damage.
You closely miss the kobold. The kobold hits you with a whip.
* * * LOW HITPOINT WARNING * * *
The kobold hits you with a whip.
You die...

#.....##...#..
##.....####.#.# ###
#........##.#.## #.#
#......#.#.....# #.#
#......#....#..#
#####.###...........#..#
#.............#####......
#.....#...#...........#.##
#.....#...#..†K@....#...#
#.....#...##.########.###
#.....#...##.†K..# ..
#.....#...######.# #.
#.....#...# #.#
#.....#...# #....#
#.....#...# ######
#.....#...# #.....#...#


You could see a kobold.

Vanquished Creatures
  A leopard gecko (D:1)
  2 bats (D:1)
  A giant cockroach (D:1)
  A hobgoblin (D:1)
  A goblin (D:1)
  A kobold (D:1)
7 creatures vanquished.

Notes
Turn   | Place    | Note
-------+----------+-------------------------------------------
     0 | D:1      | turnburgler the Ogre Necromancer began the quest for the Orb.
     0 | D:1      | Reached XP level 1. HP: 16/16 MP: 3/3
    20 | D:1      | Learned a level 1 spell: Animate Skeleton
   328 | D:1      | Reached XP level 2. HP: 7/26 MP: 5/5
   332 | D:1      | Reached skill level 1 in Fighting
   339 | D:1      | Slain by a kobold

Skill      XL: |  1  2 |
---------------+-------+-----
Dodging        | 2 |  2.0
Fighting       | 1 |  1.0
Stealth        | |  1.4
Spellcasting   | |  2.6
Necromancy     | |  3.7

Action                   || total
-------------------------++-------
Melee: Club              ||    26
       Unarmed           ||     3
 Cast: Pain              ||     6
Armor: Robe              ||    26
Dodge: Dodged            ||    32
